 Dungeon Crawl Stone Soup version 0.13-a0-1553-g7307ddf (webtiles) character file.

623 Medar the Transmogrifier (level 6, -11/48 HPs)
             Began as a Lava Orc Transmuter on June 10, 2013.
             Was an Initiate of Okawaru.
             Mangled by an ice beast (22 damage)
             ... on Level 5 of the Dungeon.
             The game lasted 00:20:43 (4820 turns).

Medar the Transmogrifier (Lava Orc Transmuter)      Turns: 4820, Time: 00:20:43

HP -11/48        AC  6     Str 13      XL: 6   Next: 90%
MP   9/9         EV 11     Int 15      God: Okawaru [......]
Gold 133         SH  0     Dex 11      Spells:  3 memorised,  3 levels left

Res.Fire  : + + +   See Invis. : .     - Unarmed
Res.Cold  : x . .   Warding    : .   o - +2 leather armour
Life Prot.: . . .   Conserve   : .   (no shield)
Res.Poison: .       Res.Corr.  : .   (no helmet)
Res.Elec. : .       Clarity    : .   (no cloak)
Sust.Abil.: . .     Spirit.Shd : .   v - +0 pair of gauntlets (curse)
Res.Mut.  : .       Stasis     : .   (no boots)
Res.Rott. : .       Flight     : .   (no amulet)
Saprovore : + . .                    (no ring)
                                     (no ring)

@: quick, slightly resistant to hostile enchantments, very unstealthy
A: conserve scrolls, saprovore 1
a: Renounce Religion


You were on level 5 of the Dungeon.
You worshipped Okawaru.
Okawaru was pleased with you.
You were not hungry.

You visited 1 branch of the dungeon, and saw 5 of its levels.

You collected 113 gold pieces.

Inventory:

Hand weapons
 e - a +1,+0 dagger of venom (quivered)
Missiles
 b - 50 arrows
Armour
 o - a +2 leather armour (worn)
 v - a cursed +0 pair of gauntlets (worn)
Magical devices
 t - a wand of random effects (9) {unknown}
 y - a wand of cold (6) {unknown}
Comestibles
 a - 2 meat rations
 c - 2 bread rations
 l - 17 sultanas
 p - a choko
 r - an apricot
 u - a chunk of worm flesh
 w - an apple
Scrolls
 f - a scroll of amnesia {unknown}
 g - a scroll of vulnerability {unknown}
 h - a scroll of enchant weapon I
 i - a scroll of teleportation
 j - a scroll of magic mapping {unknown}
 k - a scroll of enchant armour
 m - a scroll of fear
 n - a scroll of remove curse {unknown}
 q - a scroll of fog
 x - 2 scrolls of identify
Potions
 s - a potion of curing
Books
 d - a book of Changes

   Spells                             Type                      Level
   *Beastly Appendage                 Transmutation                1
   *Sticks to Snakes                  Transmutation                2
   *Spider Form                       Transmutation/Poison         3
   Ice Form                           Ice/Transmutation            4
   Blade Hands                        Transmutation                5


   Skills:
 - Level 1.7 Fighting
 - Level 1.7 Dodging
 + Level 5.2 Unarmed Combat
 - Level 2.0 Spellcasting
 - Level 8.0 Transmutations


You had 3 spell levels left.
You knew the following spells:

 Your Spells              Type           Power        Failure   Level  Hunger
d - Spider Form           Trmt/Pois      ##........   14%         3    ####...
k - Sticks to Snakes      Trmt           ####......   1%          2    ###....
s - Beastly Appendage     Trmt           ####..       1%          1    #......


Dungeon Overview and Level Annotations

Branches:
Dungeon (5/27)             Temple (0/1) D:5

Altars:
Ashenzari
Elyvilon
Fedhas
Kikubaaqudgha
Okawaru

Annotations
D:3 MarvinPA's ghost, average OpIE


Innate Abilities, Weirdness & Mutations

You have stony skin.
You cover ground quickly.
Your flesh is almost immune to the effects of heat.
Your fire spells are more powerful.
Your flesh is vulnerable to cold.
Your heat harms attackers.
You bathe your surroundings in blazing heat.
You are too hot to use scrolls.
You are very good at protecting items from fire.
You can tolerate rotten meat.


Message History

The ice beast is moderately wounded.
The ice beast hits you but does no damage.
The ice beast is singed by your heat.
The ice beast is moderately wounded.
You punch the ice beast!
The ice beast is heavily wounded.
The ice beast hits you. The ice beast freezes you!
You feel a terrible chill!
Ouch! That really hurt!
* * * LOW HITPOINT WARNING * * *
The ice beast melts!
The ice beast is singed by your heat.
The ice beast is severely wounded.
Really walk into that dart trap?
You avoid triggering a dart trap.
There is a dart trap here.
You see here a dart.
The intensity of your heat diminishes. The ice beast hits you.
* * * LOW HITPOINT WARNING * * *
The ice beast freezes you!
You feel a terrible chill!
You die...

#.....# #...#
#.....# #...#
#.....########...#
#................#
#................##
#.....########.....
#.....# #.....
#.....# #.####
#.@...# #.# #.I...#
#.#
#.....########.#
#..............####
#..................
#..############.###
#..# #<# # #..#
#.##. #..# #.#..


You could see an ice beast.

Vanquished Creatures
  Blork the orc (D:5)
  7 worker ants
  An iguana (D:5)
  Ijyb (D:2)
  Terence (D:3)
  5 adders
  6 gnolls
  2 worms
  A giant mite (D:4)
  A giant eyeball (D:4)
  2 oozes
  An orc (D:4)
  2 ball pythons
  7 bats
  6 hobgoblins
  6 jackals (D:2)
  9 kobolds
  A quokka (D:2)
  4 training dummies (D:2)
  5 giant cockroaches
  4 giant geckos
  A giant newt (D:2)
  11 goblins
  A hobgoblin skeleton (D:4)
  6 rats
  A rat zombie (D:5)
93 creatures vanquished.

Vanquished Creatures (others)
  A ball python (D:4)
  A giant newt (D:2)
  2 kobolds
4 creatures vanquished.

Grand Total: 97 creatures vanquished

Notes
Turn   | Place    | Note
--------------------------------------------------------------
     0 | D:1      | Medar, the Lava Orc Transmuter, began the quest for the Orb.
     0 | D:1      | Reached XP level 1. HP: 16/16 MP: 1/1
   325 | D:1      | Reached XP level 2. HP: 23/23 MP: 0/2
   420 | D:1      | Learned a level 2 spell: Sticks to Snakes
   783 | D:2      | Noticed Ijyb
   798 | D:2      | Killed Ijyb
   798 | D:2      | Reached skill level 4 in Unarmed Combat
   798 | D:2      | Reached XP level 3. HP: 28/28 MP: 4/4
   943 | D:2      | Found an iron altar of Okawaru.
   960 | D:2      | Became a worshipper of Warmaster Okawaru
  1149 | D:2      | Reached skill level 5 in Unarmed Combat
  1171 | D:2      | Reached XP level 4. HP: 33/35 MP: 3/5
  1177 | D:2      | Learned a level 3 spell: Spider Form
  1242 | D:2      | Found a blossoming altar of Fedhas.
  2059 | D:3      | Noticed Terence
  2086 | D:3      | Killed Terence
  2086 | D:3      | Reached skill level 5 in Transmutations
  2086 | D:3      | Reached XP level 5. HP: 17/41 MP: 7/7
  2624 | D:3      | Noticed MarvinPA's ghost (average OpIE)
  2960 | D:3      | Reached skill level 6 in Transmutations
  3602 | D:4      | Reached XP level 6. HP: 35/48 MP: 8/8
  3825 | D:4      | Paralysed by a giant eyeball for 3 turns
  3847 | D:4      | Found an ancient bone altar of Kikubaaqudgha.
  4045 | D:4      | Reached skill level 7 in Transmutations
  4184 | D:5      | Entered Level 5 of the Dungeon
  4233 | D:5      | Noticed Blork the orc
  4250 | D:5      | Killed Blork the orc
  4427 | D:5      | Found a shattered altar of Ashenzari.
  4461 | D:5      | Found a staircase to the Ecumenical Temple.
  4506 | D:5      | Reached skill level 8 in Transmutations
  4764 | D:5      | Found a white marble altar of Elyvilon.
  4820 | D:5      | Mangled by an ice beast

Action                   |  1- 3 |  4- 6 || total
-------------------------+-------+-------++-------
Melee: Unarmed           |   135 |   268 ||   403
 Cast: Beastly Appendage |    16 |    27 ||    43
  Use: Scroll            |       |     9 ||     9
